 Dungeon Crawl Stone Soup version 0.30-a0-862-g1aabd4f9c5 (webtiles) character file.

Game seed: 13466204506122004139

70 qeuew the Trooper (level 4, 0/40 HPs)
             Began as a Hill Orc Fighter on Mar 9, 2023.
             Was an Initiate of Dithmenos.
             Killed by divine providence
             ... invoked by an orc priest
              (10 damage)
             ... on level 3 of the Dungeon.
             The game lasted 00:02:34 (1540 turns).

qeuew the Trooper (Hill Orc Fighter)                Turns: 1540, Time: 00:02:36

Health: 0/40       AC:  7    Str: 18    XL:     4   Next: 21%
Magic:  4/4        EV:  9    Int:  8    God:    Dithmenos [......]
Gold:   99         SH:  9    Dex: 12    Spells: 3/3 levels left

rFire   . . .      SeeInvis .    a - +0 war axe
rCold   . . .      Faith    .    c - +0 buckler
rNeg    . . .      Spirit   .    b - +0 scale mail
rPois   .          Reflect  +    (no helmet)
rElec   .          Rampage  .    (no cloak)
rCorr   .                        (no gloves)
Will    .....                    (no boots) Stlth
                                 m - amulet of reflection
HPRegen 0.26/turn                (no ring)
MPRegen 0.09/turn                (no ring)

@: no status effects
A: no striking features
a: Renounce Religion, Convert to Beogh


You were on level 3 of the Dungeon.
You worshipped Dithmenos.
Dithmenos was noncommittal.
You visited 1 branch of the dungeon, and saw 3 of its levels.

You collected 99 gold pieces.

Inventory:

Hand Weapons
 a - a +0 war axe (weapon)
Armour
 b - a +0 scale mail (worn)
 c - a +0 buckler (worn)
Jewellery
 m - an amulet of reflection (around neck)
Scrolls
 e - a scroll of noise {unknown}
 f - 2 scrolls of teleportation
 h - a scroll of amnesia {unknown}
Potions
 d - 2 potions of might
 g - a potion of berserk rage {unknown}
 i - a potion of flight


   Skills:
 + Level 4.0 Fighting
 * Level 3.8 Axes
 * Level 4.0 Armour
 + Level 1.1 Dodging
 + Level 3.5 Shields


You had 3 spell levels left.
You didn't know any spells.
Your spell library contained the following spells:

 Spells                   Type           Power      Damage    Failure   Level
 Necrotise                Necr           0%         1d4       87%         1
 Vampiric Draining        Necr           0%         2d6       99%         3
 Agony                    Necr           0%         N/A       100%        5


Dungeon Overview and Level Annotations

Branches:
Dungeon (3/15)

Altars:
Dithmenos


Message History

You barely miss the orc priest.
The orc priest is severely wounded.
You barely miss the orc.
The orc priest shouts, "Beogh is our master!
Accept the truth or die!"
The orc priest threatens, "By the altar or by the axe, you will meet Beogh!"
The orc priest hits you but does no damage.
The orc priest calls upon Beogh to heal the orc priest.
The orc priest is healed somewhat.
The orc hits you but does no damage. The orc priest misses you.
The orc barely misses you.
You barely miss the orc priest.
The orc priest is moderately wounded.
You slash the orc!
You kill the orc!
Dithmenos accepts your kill.
The orc priest looks encouraged for a moment. x2
The orc priest shouts, "Beogh is our master!
Accept the truth or die!"
You hit the orc priest.
The orc priest is severely wounded.
You barely miss the orc priest. You block the orc priest's attack. x2
The orc priest hits you with a +0 dagger. x2
Unknown command.
You closely miss the orc priest.
The orc priest is severely wounded.
You barely miss the orc priest.
The orc priest shouts, "Beogh is our master!
Accept the truth or die!"
The orc priest threatens, "By the altar or by the axe, you will meet Beogh!"
The orc priest hits you with a +0 dagger.
The orc priest mumbles some strange prayers to Beogh against you.
Beogh smites you!
* * * LOW HITPOINT WARNING * * *
You are too injured to fight recklessly!
Unknown command.
You hit the orc priest but do no damage.
The orc priest shouts, "Beogh is our master!
Accept the truth or die!"
You slash the orc priest!
You kill the orc priest!
Dithmenos accepts your kill.
The orc priest mumbles some strange prayers to Beogh against you.
Beogh smites you!
You die...

##### #...# #.#.###
## ###
#.#.#.######.### ..
#.#......)....>. ..
#.###.#.####.#..##.
....#.#.# #.#...'
#.#.#.#.# #...oo#
..#.#.#.# .#.#@#
###.#.#'####'#.#.#
....#..........#.###
#####..........#...#
#..........###.#
#.....)....# #.#
#..........# #.#
#..........# #.#
#..........###.#


You could see 2 orc priests.

Vanquished Creatures
  An orc priest (D:3)
  An adder (D:2)
  A dart slug (D:2)
  9 orcs (D:3)
  4 ball pythons
  2 bats
  4 endoplasms
  5 hobgoblins
  2 jackals (D:1)
  4 quokkas
  5 frilled lizards (D:2)
  4 goblins
  A kobold (D:3)
  4 rats (D:2)
47 creatures vanquished.

Notes
Turn   | Place    | Note
-------+----------+-------------------------------------------
     0 | D:1      | qeuew the Hill Orc Fighter began the quest for the Orb.
     0 | D:1      | Reached XP level 1. HP: 19/19 MP: 1/1
   298 | D:1      | Reached XP level 2. HP: 22/27 MP: 2/2
   608 | D:2      | Reached XP level 3. HP: 33/33 MP: 3/3
  1043 | D:2      | Found a shadowy altar of Dithmenos.
  1246 | D:2      | Reached skill level 1 in Dodging
  1359 | D:2      | Became a worshipper of Dithmenos the Shadowed
  1389 | D:3      | Reached XP level 4. HP: 40/40 MP: 4/4
  1540 | D:3      | Killed from afar by an orc priest

Illustrated notes

Levels and vault maps discovered:
D:1:      scummos_arrival_hexagon, layout_basic
D:2:      layout_loops_ring, basic_altar, minmay_fountain_box,
          dk_noncrumbling_2, minmay_crystal_room
D:3:      layout_basic, mainiacjoe_overflow_alcove_2, nicolae_ru_path_of_blood,
          minmay_quadrilaterals

Skill      XL: |  1  2  3  4 |
---------------+-------------+-----
Axes           | 3 |  3.8
Dodging        | 1 |  1.1
Fighting       | 4 |  4.0
Armour         | 4 |  4.0
Shields        | |  3.5

Action                     |  1- 3 |  4- 6 || total
---------------------------+-------+-------++-------
  Melee: War axe           |    84 |    30 ||   114
    Use: Scroll            |     8 |       ||     8
         Potion            |     2 |       ||     2
 Armour: Scale mail        |    32 |    14 ||    46
  Dodge: Dodged            |    35 |     8 ||    43
  Block: Buckler           |    22 |    15 ||    37

Table legend: (Time is in decaauts)
 A = Elapsed time spent in this place.
 B = Non-inter-level travel time spent in this place.
 C = Inter-level travel time spent in this place.
 D = Time resting spent in this place.
 E = Time spent auto-exploring this place.
 F = Levels seen in this place.
 G = Mean time per level.
                   A        B        C        D        E       F      G
               +--------+--------+--------+--------+--------+-----+--------+
         Total |   1580 |   1559 |     21 |      0 |   1262 |   3 |  526.7 |
       Dungeon |   1580 |   1559 |     21 |      0 |   1262 |   3 |  526.7 |
               +--------+--------+--------+--------+--------+-----+--------+

Top non-repeatable levels by time:
     D:2: 821 daAuts
     D:1: 589 daAuts
     D:3: 169 daAuts
